 Dungeon Crawl Stone Soup version 0.29.1-2-gbd0b4ee654 (webtiles) character file.

Game seed: 4912739927706633602

721 GeoRichter the Cudgeller (level 8, 0/64 HPs)
             Began as a Formicid Fighter on Oct 29, 2022.
             Was an Initiate of Gozag.
             Succumbed to a gnoll's poison
             ... on level 4 of the Dungeon.
             The game lasted 00:10:30 (4119 turns).

GeoRichter the Cudgeller (Formicid Fighter)         Turns: 4119, Time: 00:10:30

Health: 0/64       AC:  8    Str: 24    XL:     8   Next: 2%
Magic:  8/8        EV:  9    Int: 13    God:    Gozag
Gold:   141        SH:  5    Dex: 13    Spells: 7/7 levels left

rFire   . . .      SeeInvis +   y - +5 mace of Regicide {chaos, rElec Str+2 Int+4 Stlth+}
rCold   . . .      Faith    .   c - +0 buckler
rNeg    . . .      Spirit   .   b - +0 scale mail
rPois   .          Reflect  .   (helmet unavailable)
rElec   +          Harm     .   p - +0 cloak
rCorr   .          Rampage  .   (no gloves)
Will    .....                   (no boots)
Stlth   +.........              (no amulet)
HPRegen 0.20/turn               (no ring)
MPRegen 0.11/turn               (no ring)

@: mighty, lethally poisoned (0 -> -20), gold aura
A: permanent stasis, dig shafts and tunnels, antennae 3, four strong arms
a: Dig, Shaft Self, Renounce Religion, Potion Petition, Call Merchant, Bribe
Branch


You were on level 4 of the Dungeon.
You worshipped Gozag.
Gozag was aware of your devotion.
You visited 2 branches of the dungeon, and saw 5 of its levels.

You collected 597 gold pieces.
You paid 456 gold pieces to Gozag.

Inventory:

Hand Weapons
 a - a +0 flail
 y - the +5 mace of Regicide (weapon) {chaos, rElec Str+2 Int+4 Stlth+}
   (You found it on level 3 of the Dungeon)

   Each time it hits an enemy it has a different, random effect.
   Str:       It affects your strength (+2).
   Int:       It affects your intelligence (+4).
   rElec:     It insulates you from electricity.
   Stlth:     It makes you more stealthy.
Missiles
 g - 70 stones
 l - 10 boomerangs (quivered)
Armour
 b - a +0 scale mail (worn)
 c - a +0 buckler (worn)
 o - a +0 kite shield
   (You found it on level 1 of the Dungeon)
 p - a +0 cloak (worn)
   (You found it on level 2 of the Dungeon)
Wands
 i - a wand of flame (6)
   (You took it off Ijyb on level 4 of the Dungeon)
 v - a wand of mindburst (7)
   (You found it on level 3 of the Dungeon)
Scrolls
 e - 2 scrolls of enchant weapon {unknown}
 h - 2 scrolls of magic mapping {unknown}
 k - 2 scrolls of amnesia {unknown}
 n - a scroll of teleportation {unknown}
 q - a scroll of brand weapon {unknown}
 s - a scroll of poison {unknown}
 x - 2 scrolls of vulnerability {unknown}
Potions
 d - a potion of might
 f - a potion of attraction {!q}
 r - 2 potions of ambrosia


   Skills:
 + Level 6.2 Fighting
 * Level 7.0 Maces & Flails
 - Level 3.2 Armour
 - Level 4.0 Shields


You had 7 spell levels left.
You didn't know any spells.
Your spell library contained the following spells:

 Spells                   Type           Power      Damage    Failure   Level
 Slow                     Hex            0%         N/A       67%         1
 Confusing Touch          Hex            0%         N/A       95%         3
 Vampiric Draining        Necr           0%         2d6       95%         3
 Alistair's Intoxication  Tmut/Pois      0%         N/A       100%        5
 Borgnjor's Vile Clutch   Necr/Erth      0%         N/A       100%        5
 Freezing Cloud           Conj/Ice/Air   0%         6-21      100%        5
 Eringya's Noxious Bog    Tmut/Pois      0%         N/A       100%        6
 Polar Vortex             Ice            0%         N/A       100%        9
 Simulacrum               Ice/Necr       Unusable   N/A       N/A         6

Dungeon Overview and Level Annotations

Branches:
Dungeon (4/15) Zot: 19883  Temple (1/1) D:4 Zot: 5909

Altars:
Ashenzari
Cheibriados
Dithmenos
Fedhas
Gozag
Hepliaklqana
Makhleb
Nemelex Xobeh
Ru
Sif Muna
Trog
Uskayaw
Vehumet
Yredelemnul
Zin
The Shining One

Shops:
D:2 =   D:3 *

Annotations:
D:4 1 transporter


Innate Abilities, Weirdness & Mutations

You cannot be hasted, slowed, berserked, paralysed or teleported.
You can dig through walls and to a lower floor.
You have a pair of large antennae on your head. (SInv)
Your four strong arms can wield two-handed weapons with a shield.


Message History

You sock Anriel's ghost! You burn Anriel's ghost.
You destroy Anriel's ghost!
You feel sick. You block the gnoll's attack.
The gnoll is distracted by your dazzling golden aura.
You block the gnoll's attack.
Your Fighting skill increases to level 6!
You have reached level 8!
You feel clever.
You feel better. The gnoll barely misses you.
There is a transporter landing site here.
There is a transporter landing site here.
The gnoll hits you with the +5 spear "Killer Bee's Doom" {pain, rC+ Dex+4}.
* * * LOW HITPOINT WARNING * * *
The gnoll barely misses you.
Things that are here:
8 gold pieces; a +0 halberd You sock the gnoll!
You freeze the gnoll. You block the gnoll's attack.
You hit the gnoll.
You kill the gnoll!
The gnoll hits you with a +2 spear of venom.
* * * LOW HITPOINT WARNING * * *
You are poisoned.
The gnoll hits you with a +0 club.
* * * LOW HITPOINT WARNING * * *
Your Maces & Flails skill increases to level 7!
The gnoll shouts!
You hit the gnoll. You drain the gnoll.
You feel sick. The gnoll barely misses you.
Unknown command.
You barely miss the gnoll.
You feel sick. The gnoll hits you but does no damage.
You are lethally poisoned!
You feel better. The gnoll hits you but does no damage.
The gnoll hits you with a +2 spear of venom!
* * * LOW HITPOINT WARNING * * *
You are lethally poisoned!
Okay, then.
You barely miss the gnoll.
* * * LOW HITPOINT WARNING * * *
You feel very sick. You block the gnoll's attack.
The gnoll hits you with a +2 spear of venom.
* * * LOW HITPOINT WARNING * * *
You are more poisoned.
Unknown command.
As you read the scroll labelled FOEHIN LAMYPRAMI, it crumbles to dust.
You hear a loud clanging noise!
It was a scroll of noise.
You die...
Your body crumbles into a pile of gold.

#.≈≈#8.###.###.8#≈≈.###
#.≈≈#gg.g.......#≈≈.#
#.≈≈###g##'##.###≈≈.######
#.≈≈..#.#g$$#.#..≈≈......#
#.≈≈.##g#...#.##.≈≈.####.#
#.≈≈.#g.#{:.#.©#.≈≈.# #.#
#.≈≈.##.#####.##.≈≈.# #.#
#.....#g#8g8#.#..≈≈.# #..
#....©#gg@©.'.#©.~~.# ###
#.....#.#$..#.#..≈≈.## #
#.≈≈.##.##.##g##.≈≈..# #
#.≈≈.#W.#...#gg#.≈≈..#####
#.≈≈.##.'...'.##.≈≈.......
#.≈≈..#.#..P#.#..≈≈.#.###.
#.≈≈###.##'##.###≈≈...# #.
#.≈≈#...........#≈≈..## #.
#.≈≈#8.###.###.8#≈≈.## #>


You could see 4 gnolls.

Vanquished Creatures
  The ghost of Anriel the Insei, an amateur DsMo of Wu Jian (D:4)
  An ogre (D:4)
  A bullfrog (D:3)
  A howler monkey (D:3)
  3 iron imps (D:3)
  A jelly (D:4)
  Ijyb (D:4)
  An iguana (D:3)
  2 gnolls (D:4)
  5 adders
  A worm (D:3)
  2 dart slugs (D:1)
  6 orcs
  8 ball pythons
  10 endoplasms
  8 giant cockroaches
  5 hobgoblins
  3 jackals
  9 kobolds
  3 quokkas
  5 bats
  4 frilled lizards
  5 goblins
  4 rats
90 creatures vanquished.

Vanquished Creatures (others)
  4 fungi (D:3)
  10 plants
14 creatures vanquished.

Grand Total: 104 creatures vanquished

Notes
Turn   | Place    | Note
-------+----------+-------------------------------------------
     0 | D:1      | GeoRichter the Formicid Fighter began the quest for the
                  | Orb.
     0 | D:1      | Reached XP level 1. HP: 18/18 MP: 1/1
   220 | D:1      | Reached XP level 2. HP: 24/24 MP: 2/2
   526 | D:1      | Reached XP level 3. HP: 28/29 MP: 3/3
   552 | D:1      | Reached skill level 3 in Maces & Flails
   880 | D:2      | Found Oseg's Jewellery Emporium.
  1168 | D:2      | Reached XP level 4. HP: 27/37 MP: 4/4
  1389 | D:2      | Found an opulent altar of Gozag.
  1405 | D:2      | Became a worshipper of Gozag Ym Sagoz the Greedy
  1859 | D:3      | Reached skill level 4 in Maces & Flails
  1859 | D:3      | Reached XP level 5. HP: 15/43 MP: 5/5
  2224 | D:3      | Found Lanaceha's Assorted Antiques.
  2379 | D:3      | Identified the +5 mace of Regicide {chaos, rElec Str+2
                  | Int+4 Stlth+}
  2588 | D:3      | Found a burning altar of Makhleb.
  2617 | D:3      | Reached XP level 6. HP: 50/50 MP: 6/6
  2631 | D:3      | Reached skill level 5 in Maces & Flails
  2632 | D:3      | Reached skill level 5 in Fighting
  2821 | D:3      | Found a faded altar of an unknown god.
  3018 | D:4      | Noticed Ijyb
  3030 | D:4      | Killed Ijyb
  3277 | D:4      | Found a transporter.
  3324 | D:4      | Reached XP level 7. HP: 41/56 MP: 7/7
  3490 | D:4      | Found a shimmering blue altar of Sif Muna.
  3674 | D:4      | Reached skill level 6 in Maces & Flails
  3764 | D:4      | Found a staircase to the Ecumenical Temple.
  3783 | Temple   | Entered the Ecumenical Temple
  3933 | D:4      | Found a transporter.
  3941 | D:4      | Noticed Anriel's ghost (amateur DsMo)
  3952 | D:4      | Identified the +5 spear "Killer Bee's Doom" {pain, rC+
                  | Dex+4}
  4100 | D:4      | HP: 1/57 [gnoll/+2 spear of venom (3)]
  4107 | D:4      | Killed Anriel's ghost
  4108 | D:4      | Reached XP level 8. HP: 7/64 MP: 8/8
  4115 | D:4      | Reached skill level 7 in Maces & Flails
  4119 | D:4      | Succumbed to a gnoll's poison

Illustrated notes

Levels and vault maps discovered:
D:1:      lemuel_arrival_room, layout_rooms
D:2:      layout_basic, serial_shops, shop, basic_altar, minmay_octomino_j4
D:3:      layout_basic, demons_altar,
          dreamdust_ecumenical_altar_hidden_monk_grotto, serial_shops,
          nicolae_shop_trees
D:4:      layout_gridville, mainiacjoe_overflow_paths,
          minmay_temple_entry_statues_pillars, gammafunk_ghost_gnarly_gnolls,
          uniq_ijyb
Temple:   dshaligram_water_room_temple

Skill      XL: |  1  2  3  4  5  6  7  8 |
---------------+-------------------------+-----
Maces & Flails | 3 4 5 6 7 |  7.0
Fighting       | 4 5 6 |  6.2
Armour         | |  3.2
Shields        | |  4.0

Action                   |  1- 3 |  4- 6 |  7- 9 || total
-------------------------+-------+-------+-------++-------
Melee: Flail             |    91 |    72 |       ||   163
       Mace              |       |    50 |    44 ||    94
Throw: Boomerang         |     3 |    51 |    14 ||    68
Invok: Potion Petition   |       |       |     1 ||     1
  Use: Scroll            |       |     6 |     1 ||     7
       Potion            |       |       |     3 ||     3
Armor: Scale mail        |    52 |    50 |    13 ||   115
Dodge: Dodged            |    48 |    50 |    13 ||   111
Block: Buckler           |    23 |    35 |    12 ||    70
